AoeStats
← TCK-Busifikator

Arabia

507144119Analyzed
1v1 RM · 17d ago on Sep 16, 2026· 74m 20s· 2 players
Game mode
Random Map
Map size
Tiny (2 player)
Population
200
Speed
Normal
Resources
Standard
Victory
Conquest
Starting age
Dark Age
Ending age
Imperial Age
RankedLock teamsTeams togetherTeam positionsShared explorationLock speedFull tech treeHidden civsTurbo modeCheats
Victory
Defeat
🇺🇦 Saracens · Ukraine
1045
+20
🇦🇷 Ethiopians · Argentina
1126
-20
Pepe Sapo
8:37 Loom
10:25 Feudal Age
13:39 Double-Bit Axe
18:58 Castle Age
17:21 Stone Mining
20:50 Fletching
21:01 Padded Archer Armor
23:36 Elite Skirmisher
30:38 Ballistics
30:13 Murder Holes
32:14 Scale Mail Armor
33:37 Royal Heirs
40:05 Imperial Age
41:15 Conscription
42:30 Wheelbarrow
42:12 Bow Saw
52:00 Halberdier
52:58 Horse Collar
53:46 Forging
55:24 Chain Mail Armor
55:46 Bodkin Arrow
58:19 Husbandry
58:01 Heavy Camel Rider
60:38 Scale Barding Armor
67:47 Chain Barding Armor
67:43 Leather Archer Armor
TCK-Busifikator
7:21 Loom
12:53 Feudal Age
17:15 Castle Age
17:54 Horse Collar
20:22 Fletching
30:57 Bodkin Arrow
31:02 Padded Archer Armor
34:25 Double-Bit Axe
38:59 Imperial Age
37:41 Wheelbarrow
39:07 Scale Barding Armor
40:08 Ballistics
41:32 Hand Cart
41:25 Light Cavalry
43:30 Bloodlines
43:34 Scale Barding Armor
44:51 Heavy Cavalry Archer
48:33 Chain Barding Armor
48:14 Bracer
50:25 Hussar
54:01 Plate Barding Armor
53:37 Forging
58:45 Iron Casting
58:12 Padded Archer Armor
62:06 Parthian Tactics
72:34 Leather Archer Armor
Connection lost

Rejoining the realm…

Still unreachable

The connection could not be restored.

Session expired

The server has moved on; the page needs a fresh start.